 Dungeon Sprint DCSS version 0.30-a0-799-g109b55a442 (webtiles) character file.

Game seed: 7045065509187160535

7570 rocky1 the Geomancer (level 10, -7/91 HPs)
             Began as a Pale Draconian Earth Elementalist on Feb 21, 2023.
             Was an Initiate of Gozag.
             Mangled by a dire elephant (33 damage)
             ... in the Dungeon (Sprint IX: "|||||||||||||||||||||||||||||").
             The game lasted 00:05:46 (1170 turns).

rocky1 the Geomancer (DrEE)                         Turns: 1170, Time: 00:05:46

Health: -7/91      AC:  9    Str: 10    XL:     10   Next: 97%
Magic:  5/25       EV: 15    Int: 23    God:    Gozag
Gold:   3150       SH:  0    Dex: 12    Spells: 24/32 levels left

rFire   . . .      SeeInvis .    l - +0 lajatang
rCold   . . .      Faith    .    (shield currently unavailable)
rNeg    . . .      Spirit   .    (body armour unavailable)
rPois   .          Reflect  .    (helmet restricted)
rElec   .          Harm     .    (no cloak)
rCorr   .          Rampage  .    (no gloves)
Will    .....      NoTele   +    (no boots)
Stlth   ++                       (no amulet)
HPRegen 0.35/turn                j - +3 ring of intelligence
MPRegen 0.19/turn                k - +2 ring of protection

@: no status effects
A: breathe steam, AC +7, unfitting armour, cold-blooded, steam resistance
a: Breathe Steam, Renounce Religion, Potion Petition, Call Merchant, Bribe
Branch


You were in the Dungeon.
You worshipped Gozag.
Gozag was most pleased with you.
You visited 1 branch You collected 3150 gold pieces.

Inventory:

Hand Weapons
 l - a +0 lajatang (weapon)
 m - a +2 morningstar of freezing
Armour
 i - a +0 cloak
Jewellery
 j - a +3 ring of intelligence (left hand)
 k - a +2 ring of protection (right hand)
 n - a ring of magical power
Wands
 h - a wand of quicksilver (5)
Scrolls
 f - 2 scrolls of blinking
 g - 2 scrolls of amnesia
 p - 6 scrolls of enchant armour
 q - a scroll of fog
Potions
 a - 4 potions of magic
 b - 7 potions of curing
 c - 2 potions of heal wounds
 d - a potion of haste
 e - a potion of might
 r - a potion of mutation
Miscellaneous
 o - a condenser vane (inert)


   Skills:
 + Level 9.2 Fighting
 + Level 8.4 Staves
 + Level 8.9 Dodging
 - Level 1.8 Stealth
 - Level 0.1 Unarmed Combat
 * Level 11.9 Spellcasting
 * Level 11.8 Conjurations
 - Level 4.0 Transmutations
 * Level 13.1 Earth Magic
 + Level 4.9 Evocations


You had 24 spell levels left.
You knew the following spells:

 Your Spells              Type           Power      Damage    Failure   Level
a - Sandblast             Erth           100%       2d20      1%          1
b - Stone Arrow           Conj/Erth      100%       3d13      1%          3
c - Petrify               Tmut/Erth      52%        N/A       1%          4

Your spell library contained the following spells:

 Spells                   Type           Power      Damage    Failure   Level
 Passwall                 Tmut/Erth      43%        N/A       1%          2


Dungeon Overview and Level Annotations

Branches:
Dungeon (1/1)

Altars:
Cheibriados
Dithmenos
Elyvilon
Fedhas
Gozag
Hepliaklqana
Kikubaaqudgha
Makhleb
Nemelex Xobeh
Okawaru
Qazlal
Ru
Sif Muna
Trog
Uskayaw
Vehumet
Wu Jian
Xom
Yredelemnul
Zin
The Shining One
Jiyva
Lugonu


Innate Abilities, Weirdness & Mutations

You can breathe blasts of scalding, opaque steam.
Your pale cyan-grey scales are hard. (AC +7)
You cannot fit into any form of body armour.
You are cold-blooded and may be slowed by cold attacks.
You are immune to the effects of steam.


Message History

The dire elephant is engulfed in poison gas.
The dire elephant looks even sicker.
The elephant is engulfed in poison gas.
The elephant looks as sick as possible!
Aiming: Stone Arrow (safe; 1% risk of failure)
Press: ? - help, Q - select action, (/) - cycle Shift-Dir - straight line, f/p - dire elephant
Aim: a dire elephant (heavily wounded, very poisoned, 100% to hit)
The stone arrow hits the dire elephant.
The dire elephant is heavily wounded.
The elephant is engulfed in poison gas.
The elephant looks as sick as possible!
The elephant is engulfed in poison gas.
The elephant looks as sick as possible!
The dire elephant barely misses you. The dire elephant closely misses you.
The dire elephant is engulfed in poison gas.
The dire elephant looks as sick as possible!
The elephant is engulfed in poison gas.
The elephant looks as sick as possible!
You hit the dire elephant.
The dire elephant is heavily wounded.
The dire elephant tramples you!
You stumble backwards!
The dire elephant looks as sick as possible!
The elephant is engulfed in poison gas.
The elephant looks as sick as possible!
The elephant is engulfed in poison gas.
The elephant looks as sick as possible!
Aiming: Stone Arrow (safe; 1% risk of failure)
Press: ? - help, Q - select action, (/) - cycle Shift-Dir - straight line, f/p - dire elephant
Aim: a dire elephant (heavily wounded, very poisoned, 100% to hit)
The stone arrow hits the dire elephant!
The dire elephant is severely wounded.
The dire elephant tramples you!!
* * * LOW HITPOINT WARNING * * *
You hold your ground!
The dire elephant closely misses you.
The elephant is engulfed in poison gas.
The elephant looks as sick as possible!
The elephant is engulfed in poison gas.
The elephant looks as sick as possible!
Aiming: Stone Arrow (safe; 1% risk of failure)
Press: ? - help, Q - select action, (/) - cycle Shift-Dir - straight line, f/p - dire elephant
Aim: a dire elephant (severely wounded, very poisoned, 100% to hit)
The stone arrow hits the dire elephant.
The dire elephant is severely wounded.
The dire elephant is engulfed in poison gas.
The dire elephant looks as sick as possible!
The dire elephant tramples you!!
You die...
Your body crumbles into a pile of gold. $$ $ $ $ $$$$$ $$$$$$$$$$$$ $$$$$

▓▓▓▓▓▓▓▓▓▓▓▓▓▓▓▓▓▓▓▓▓▓▓▓▓▓▓ $ $
Y..YY§YYYY@......'.........
▓▓▓▓▓▓▓▓▓▓▓▓▓▓▓▓▓▓▓▓▓▓▓▓▓▓▓▓▓▓▓▓▓
.................................
▓▓▓▓▓▓▓▓▓▓▓▓▓▓▓▓▓▓▓▓▓▓▓▓▓▓▓▓▓▓▓▓▓
...'..[[)))..'___________________
▓▓▓▓▓▓▓▓▓▓▓▓▓▓▓▓▓▓▓▓▓▓▓▓▓▓▓▓▓▓▓▓▓


You could see 2 dire elephants and 4 elephants.

Vanquished Creatures
  A hydra (D)
  A centaur warrior (D)
  A two-headed ogre (D)
  A skyshark (D)
  A lindwurm (D)
  A deep elf pyromancer (D)
  An ugly thing (D)
  A cyclops (D)
  A black mamba (D)
  A cane toad (D)
  A torpor snail (D)
  A rime drake (D)
  A komodo dragon (D)
  2 trolls (D)
  A blink frog (D)
  A polar bear (D)
  A vampire (D)
  2 wyverns (D)
  A basilisk (D)
  A yak (D)
  A vampire mosquito (D)
  A water moccasin (D)
  An acid dragon (D)
  A wolf (D)
  2 bullfrogs (D)
  A killer bee (D)
  2 hounds (D)
  2 orc wizards (D)
  A shadow imp (D)
  A dart slug (D)
  An orc (D)
  A hobgoblin (D)
  A ball python (D)
  A bat (D)
  A rat (D)
40 creatures vanquished.

Notes
Turn   | Place    | Note
-------+----------+-------------------------------------------
     0 | D        | rocky1 the Draconian Earth Elementalist began the quest for
                  | the Orb.
     0 | D        | Reached XP level 1. HP: 14/14 MP: 3/3
   152 | D        | Noticed a hound
   152 | D        | Noticed an orc wizard
   152 | D        | Noticed a hound
   154 | D        | Reached XP level 2. HP: 20/20 MP: 3/5
   162 | D        | Reached skill level 4 in Earth Magic
   182 | D        | Reached XP level 3. HP: 24/26 MP: 1/8
   191 | D        | Reached skill level 5 in Earth Magic
   191 | D        | Reached XP level 4. HP: 14/33 MP: 0/10
   404 | D        | Found a snail-covered altar of Cheibriados.
   404 | D        | Found a shadowy altar of Dithmenos.
   404 | D        | Found a white marble altar of Elyvilon.
   404 | D        | Found a blossoming altar of Fedhas.
   404 | D        | Found an opulent altar of Gozag.
   405 | D        | Found a hazy altar of Hepliaklqana.
   406 | D        | Found a viscous altar of Jiyva.
   407 | D        | Found an ancient bone altar of Kikubaaqudgha.
   408 | D        | Found a corrupted altar of Lugonu.
   409 | D        | Found a burning altar of Makhleb.
   410 | D        | Found a sparkling altar of Nemelex Xobeh.
   411 | D        | Found an iron altar of Okawaru.
   412 | D        | Became a worshipper of Gozag Ym Sagoz the Greedy
   413 | D        | Found a stormy altar of Qazlal.
   414 | D        | Found a sacrificial altar of Ru.
   415 | D        | Found a shimmering blue altar of Sif Muna.
   416 | D        | Found a bloodstained altar of Trog.
   417 | D        | Found a hide-covered altar of Uskayaw.
   418 | D        | Found a radiant altar of Vehumet.
   419 | D        | Found an ornate altar of the Wu Jian Council.
   420 | D        | Found a shimmering altar of Xom.
   421 | D        | Found a basalt altar of Yredelemnul.
   422 | D        | Found a glowing silver altar of Zin.
   423 | D        | Found a glowing golden altar of the Shining One.
   462 | D        | Learned a level 3 spell: Stone Arrow
   468 | D        | Noticed a vampire
   468 | D        | Noticed a troll
   468 | D        | Noticed an acid dragon
   468 | D        | Noticed a two-headed ogre
   484 | D        | Killed a two-headed ogre
   485 | D        | Reached skill level 5 in Dodging
   485 | D        | Reached skill level 8 in Earth Magic
   485 | D        | Reached XP level 5. HP: 6/47 MP: 2/14
   485 | D        | Reached XP level 6. HP: 7/53 MP: 2/16
   485 | D        | Your scales start taking on a pale cyan-grey colour.
   485 | D        | Reached XP level 7. HP: 8/60 MP: 2/17
   485 | D        | Gained mutation: You are immune to the effects of steam.
                  | [Pale Draconian growth]
   668 | D        | Reached skill level 5 in Fighting
   668 | D        | Killed a troll
   669 | D        | Reached skill level 9 in Earth Magic
   669 | D        | Reached XP level 8. HP: 57/69 MP: 20/20
   702 | D        | Reached skill level 5 in Staves
   768 | D        | Learned a level 4 spell: Petrify
   772 | D        | Noticed a white ugly thing
   772 | D        | Noticed a cyclops
   772 | D        | Noticed a centaur warrior
   772 | D        | Noticed a troll
   772 | D        | Noticed a deep elf pyromancer
   776 | D        | Killed a deep elf pyromancer
   777 | D        | Reached skill level 10 in Earth Magic
   777 | D        | Killed a troll
   778 | D        | Killed a centaur warrior
   779 | D        | Reached XP level 9. HP: 52/79 MP: 18/22
   780 | D        | Reached skill level 11 in Earth Magic
   780 | D        | Killed a cyclops
   781 | D        | Reached skill level 10 in Spellcasting
   784 | D        | Killed a white ugly thing
   986 | D        | Noticed a polar bear
   986 | D        | Noticed a black mamba
   986 | D        | Noticed a cane toad
   986 | D        | Noticed a rime drake
   989 | D        | Killed a rime drake
   990 | D        | Reached skill level 10 in Conjurations
   990 | D        | Reached skill level 1 in Evocations
   990 | D        | Killed a cane toad
   991 | D        | Reached XP level 10. HP: 88/88 MP: 24/24
   991 | D        | Killed a black mamba
   997 | D        | Reached skill level 12 in Earth Magic
  1057 | D        | Noticed a skyshark
  1057 | D        | Noticed a lindwurm
  1058 | D        | Noticed a six-headed hydra
  1060 | D        | Killed a six-headed hydra
  1067 | D        | Killed a lindwurm
  1067 | D        | Noticed a torpor snail
  1075 | D        | Killed a skyshark
  1076 | D        | Reached skill level 13 in Earth Magic
  1081 | D        | Killed a torpor snail
  1160 | D        | Noticed an elephant
  1160 | D        | Noticed an elephant
  1160 | D        | Noticed an elephant
  1160 | D        | Noticed an elephant
  1160 | D        | Noticed a dire elephant
  1160 | D        | Noticed an elephant
  1161 | D        | Noticed a dire elephant
  1170 | D        | Mangled by a dire elephant

Illustrated notes

Levels and vault maps discovered:
D:        linesprint [early_d, line_temple, items_1, d_10, items_2, lair_1,
          lair_end, items_3, orc_1, orc_end, items_4, d_15, swamp_1, shoals_1,
          snake_1, spider_1, d_20, vaults_1, items_5, swamp_end, shoals_end,
          snake_end, spider_end, vaults_end, d_27, items_6, zot_1, zot_end,
          crypt_end, forest_end, elf_end, slime_end, tomb_end, abyss_end,
          pan_hell_end]

Skill      XL: |  1  2  3  4  5  6  7  8  9 10 |
---------------+-------------------------------+-----
Dodging        | 2 3 5 6 7 8 |  8.9
Spellcasting   | 3 4 7 8 9 10 11 | 11.9
Earth Magic    | 4 5 8 9 10 11 13 | 13.1
Transmutations | 2 3 4 |  4.0
Fighting       | 4 5 7 9 |  9.2
Staves         | 4 6 7 8 |  8.4
Conjurations   | 6 7 9 10 11 | 11.8
Evocations     | 1 4 |  4.9
Stealth        | |  1.8
Unarmed Combat | |  0.1

Action                     |  1- 3 |  4- 6 |  7- 9 | 10-12 || total
---------------------------+-------+-------+-------+-------++-------
  Melee: Unarmed           |    46 |     6 |       |       ||    52
         Tailslap          |     1 |       |     3 |     2 ||     6
         Lajatang          |       |     1 |    10 |     8 ||    19
   Cast: Sandblast         |    10 |    12 |     9 |    29 ||    60
         Stone Arrow       |       |       |       |     7 ||     7
Ability: Breathe Steam     |       |       |     3 |       ||     3
  Evoke: Wand              |       |       |     5 |       ||     5
         Condenser vane    |       |       |       |     2 ||     2
    Use: Potion            |     2 |     4 |       |       ||     6
         Scroll            |       |     1 |       |       ||     1
 Armour: Skin              |    15 |     4 |     3 |     9 ||    31
  Dodge: Dodged            |    24 |    28 |     9 |    15 ||    76

Table legend: (Time is in decaauts)
 A = Elapsed time spent in this place.
 B = Non-inter-level travel time spent in this place.
 C = Inter-level travel time spent in this place.
 D = Time resting spent in this place.
 E = Time spent auto-exploring this place.
 F = Levels seen in this place.
 G = Mean time per level.
                   A        B        C        D        E       F      G
               +--------+--------+--------+--------+--------+-----+--------+
         Total |   1210 |   1210 |      0 |    695 |      0 |   1 | 1210.0 |
       Dungeon |   1210 |   1210 |      0 |    695 |      0 |   1 | 1210.0 |
               +--------+--------+--------+--------+--------+-----+--------+

Top non-repeatable levels by time:
       D: 1210 daAuts
